 Dungeon Crawl Stone Soup version 0.20-a0-681-geebb5fe (webtiles) character file.

4773 Ilten the Protected (level 10, -1/77 HPs)
             Began as a Human Berserker on Apr 8, 2017.
             Was a High Priest of Trog.
             Killed from afar by an acid dragon (6 damage)
             ... with a splash of acid
             ... on level 8 of the Dungeon.
             The game lasted 00:40:25 (6952 turns).

Ilten the Protected (Human Berserker)               Turns: 6952, Time: 00:40:26

Health: -1/77      AC:  8    Str: 28    XL:     10   Next: 75%
Magic:  9/9        EV: 10    Int:  8    God:    Trog [*****.]
Gold:   293        SH:  0    Dex: 12    Spells: 9/9 levels left

rFire    . . .     SeeInvis .   z - +8 mace "Mocutaig" {elec, *Noise Str+7}
rCold    . . .     Gourm    .   l - +0 chain mail
rNeg     . . .     Faith    .   (no shield)
rPois    .         Spirit   .   (no helmet)
rElec    .         Reflect  .   (no cloak)
rCorr    .         Harm     .   (no gloves)
MR       ++...                  (no boots)
Stlth    ..........             m - amulet of magic regeneration
Regen    1.3/turn               (no ring)
MPRegen  0.2/turn               r - ring of loudness

@: exhausted, corroded, regenerating, slowed, very slow
A: talons 1, low mp 1, shaggy fur 1
a: Berserk, Trog's Hand, Brothers in Arms, Burn Spellbooks, Renounce Religion


You were on level 8 of the Dungeon.
You worshipped Trog.
Trog was extremely pleased with you.
You were not hungry.

You visited 2 branches of the dungeon, and saw 9 of its levels.
You also visited: Ossuary.

You collected 293 gold pieces.

Inventory:

Hand Weapons
 a - a +0 falchion
 t - a +0 rapier of draining
 z - the +8 mace "Mocutaig" (weapon) {elec, *Noise Str+7}
   (You found it on level 4 of the Dungeon)

   Occasionally, upon striking a foe, it will discharge some electrical energy
   and cause terrible harm.
   It affects your strength (+7).
   It may make noises in combat.
 D - the +1 dire flail "Goblin's Peril" {crush, *Slow rElec rF+ MR++, unknown}
   (Trog gifted it to you on level 7 of the Dungeon)

   It inflicts extra damage upon your enemies.
   It protects you from fire.
   It insulates you from electricity.
   It affects your resistance to hostile enchantments.
   It may slow you when you take damage.
Armour
 b - a +0 animal skin
 l - a +0 chain mail (worn)
Jewellery
 f - an uncursed amulet of regeneration {unknown}
 m - an amulet of magic regeneration (around neck)
 r - a ring of loudness (left hand)
Wands
 o - a wand of acid (6/15)
 E - a wand of paralysis (9/24)
Scrolls
 d - a scroll of fog
 e - a scroll of recharging {unknown}
 h - 5 scrolls of remove curse
 j - a scroll of identify
 p - a scroll of immolation
 s - a scroll of noise {unknown}
 x - a scroll of enchant weapon
 y - a scroll of teleportation {unknown}
Potions
 c - 4 potions of heal wounds
 g - 7 potions of curing
 i - 2 potions of degeneration {unknown}
 k - a potion of might {unknown}
 u - 4 potions of brilliance
 w - a potion of haste {unknown}
 A - 2 potions of invisibility
Comestibles
 n - 7 royal jellies
 q - 4 meat rations
 v - 2 fruits
 B - a bread ration


   Skills:
 + Level 6.6 Fighting
 - Level 4.5(5.4) Short Blades
 - Level 4.4(5.3) Long Blades
 + Level 7.9 Maces & Flails
 * Level 9.8 Armour
 - Level 2.4 Dodging
 + Level 1.0 Stealth


You had 9 spell levels left.
You didn't know any spells.

Dungeon Overview and Level Annotations

Branches:
Dungeon (8/15)             Temple (1/1) D:4
   Lair: D:8-11

Altars:
Dithmenos
Fedhas
Gozag
Hepliaklqana
Nemelex Xobeh
Okawaru
Qazlal
Trog
Uskayaw
Vehumet
Xom

Shops:
D:5 }


Innate Abilities, Weirdness & Mutations

You have sharp toenails.
Your magical capacity is low. (-10% MP)
You are covered in fur. (AC +1)


Message History

It was a scroll of immolation.
The phantom blinks!
The acid dragon barely misses you. x2
A black bear comes into view.
You're too exhausted to go berserk.
You hit the acid dragon but do no damage.
Your kick misses the acid dragon. The acid dragon barely misses you.
The acid dragon claws you but does no damage.
You closely miss the acid dragon.
You claw the acid dragon, but do no damage.
The acid dragon bites you but does no damage.
The acid dragon claws you but does no damage.
The acid dragon bites you!
* * * LOW HITPOINT WARNING * * *
The acid dragon claws you.
* * * LOW HITPOINT WARNING * * *
You sock the acid dragon!
The acid dragon is heavily wounded.
The acid dragon spits acid at you. The splash of acid hits you!
You die...

#. #.# .##
#.####.##..#
#..........#
#......##.#
#.......#.## ####
#.h...#.#..#
.....####.....#....##
.......)#D....##....#
.......)@.W.......#.#
........#.....###.#.#
........####### #...#
.........
#######..#####
#######..
.............# #...
.#######.###.# #...
#.........# #...#
#.#<........#
#.#####.....#


You could see a phantom (inner flame), a black bear and an acid dragon (inner
flame).

Vanquished Creatures
  The ghost of Joshtr2000 the Skirmisher, a novice TrMo (D:5)
  Prince Ribbit (D:7)
  The ghost of iishen the Insei, an amateur MfTm (Ossuary)
  A human (D:7)
  4 hogs (D:7)
  Eustachio (D:5)
  Menkaure (D:4)
  2 porcupines (D:8)
  2 ice beasts
  3 orc warriors
  3 black bears (D:8)
  2 phantoms
  2 ogres
  A wolf (D:8)
  A big kobold (D:7)
  Blork the orc (D:4)
  2 bullfrogs
  2 water moccasin zombies (Ossuary)
  2 scorpions
  3 howler monkeys
  A jelly (D:3)
  3 hounds
  2 orc priests
  Crazy Yiuf (D:4)
  6 orc wizards
  A centaur skeleton (D:6)
  A bullfrog skeleton (D:7)
  A gnoll shaman (D:6)
  4 iguanas
  3 worker ants
  4 big kobold zombies (Ossuary)
  A hound skeleton (D:8)
  2 mummies (Ossuary)
  A worker ant zombie (D:6)
  Robin (D:2)
  10 gnolls
  9 adders
  2 shadow imps
  2 oozes (D:3)
  5 adder zombies
  2 adder skeletons (D:4)
  4 worms
  A dart slug (D:3)
  2 leopard geckos (D:4)
  25 orcs
  8 giant cockroaches
  5 hobgoblins
  2 jackals (D:5)
  4 quokkas
  3 ball pythons
  6 bats
  2 frilled lizards
  3 gnoll zombies (Ossuary)
  22 goblins
  3 hobgoblin zombies (Ossuary)
  9 kobolds
  10 kobold zombies (Ossuary)
  A leopard gecko skeleton (D:4)
  3 orc zombies (Ossuary)
  8 rats
219 creatures vanquished.

Notes
Turn   | Place    | Note
-------+----------+-------------------------------------------
     0 | D:1      | Ilten the Human Berserker began the quest for the Orb.
     0 | D:1      | Reached XP level 1. HP: 18/18 MP: 1/1
   498 | D:1      | Reached XP level 2. HP: 24/24 MP: 2/2
  1574 | D:2      | Reached XP level 3. HP: 29/29 MP: 3/3
  1825 | D:2      | Noticed Robin
  1829 | D:2      | Reached ** piety under Trog
  1831 | D:2      | Reached XP level 4. HP: 35/35 MP: 4/4
  1841 | D:2      | Killed Robin
  2165 | D:3      | Reached XP level 5. HP: 38/41 MP: 5/5
  2315 | D:3      | Reached skill level 1 in Short Blades
  2647 | D:4      | Found a runed door.
  2648 | D:4      | Got a scorched mace
  2649 | D:4      | Identified the +8 mace "Mocutaig" {elec, *Noise Str+7} (You found it on level 4 of the Dungeon)
  2653 | D:4      | Noticed Crazy Yiuf
  2658 | D:4      | Paralysed by Crazy Yiuf for 7 turns
  2665 | D:4      | Killed Crazy Yiuf
  2665 | D:4      | Reached skill level 3 in Armour
  2665 | D:4      | Reached XP level 6. HP: 22/47 MP: 6/6
  2913 | D:4      | Gained mutation: You have sharp toenails. [potion of mutation]
  2913 | D:4      | Gained mutation: Your magical capacity is low. (-10% MP) [potion of mutation]
  2913 | D:4      | Gained mutation: You are covered in fur. (AC +1) [potion of mutation]
  3013 | D:4      | Noticed Blork the orc
  3019 | D:4      | Killed Blork the orc
  3206 | D:4      | Reached *** piety under Trog
  3216 | D:4      | Noticed Menkaure
  3222 | D:4      | Reached XP level 7. HP: 16/53 MP: 6/6
  3226 | D:4      | Killed Menkaure
  3226 | D:4      | Reached skill level 1 in Maces & Flails
  3509 | D:4      | Found a staircase to the Ecumenical Temple.
  3521 | Temple   | Entered the Ecumenical Temple
  3828 | D:5      | Entered Level 5 of the Dungeon
  3858 | D:5      | Noticed Joshtr2000's ghost (novice TrMo)
  3867 | D:5      | Killed Joshtr2000's ghost
  3867 | D:5      | Reached skill level 5 in Armour
  3867 | D:5      | Reached XP level 8. HP: 29/61 MP: 7/7
  4093 | D:5      | Noticed Eustachio
  4101 | D:5      | Killed Eustachio
  4102 | D:5      | Found Kotilyici's Gadget Boutique.
  4264 | D:5      | Reached skill level 6 in Armour
  4563 | D:5      | Reached skill level 5 in Fighting
  4796 | D:6      | Reached XP level 9. HP: 17/68 MP: 8/8
  4862 | D:6      | Reached skill level 7 in Armour
  5219 | D:6      | Reached **** piety under Trog
  5276 | D:6      | Found a shimmering altar of Xom.
  5276 | D:6      | Found a blossoming altar of Fedhas.
  5276 | D:6      | Found a sparkling altar of Nemelex Xobeh.
  5342 | D:6      | Found a shadowy altar of Dithmenos.
  5459 | D:6      | Found a sand-covered staircase.
  5468 | Ossuary  | Entered an ossuary
  5468 | Ossuary  | Noticed iishen's ghost (amateur MfTm)
  5603 | Ossuary  | Reached skill level 5 in Maces & Flails
  5616 | Ossuary  | Killed iishen's ghost
  5785 | D:7      | Reached skill level 8 in Armour
  5795 | D:7      | Reached ***** piety under Trog
  5859 | D:7      | Reached XP level 10. HP: 27/76 MP: 9/9
  6172 | D:7      | Reached skill level 9 in Armour
  6411 | D:7      | Noticed Prince Ribbit
  6427 | D:7      | Killed Prince Ribbit
  6427 | D:7      | Received a gift from Trog
  6430 | D:7      | Got a crude dire flail {god gift}
  6947 | D:8      | Reached skill level 1 in Stealth
  6951 | D:8      | HP: 3/77 [acid dragon (1)]
  6952 | D:8      | Killed from afar by an acid dragon

Vault maps used:
D:1:      dpeg_arrival_line_fractal, minivault_4
D:2:      uniq_robin
D:3:      first_bread
D:4:      minmay_temple_entry_statues_pillars, uniq_blork_the_orc,
          uniq_crazy_yiuf_cottage, uniq_menkaure
D:5:      serial_shops, nicolae_shop_stone, minmay_ogre_servants, uniq_eustachio
D:6:      nicolae_overflow_quartered_altars, chequers_ossuary_entry_cave
D:7:      grunt_livestock, uniq_prince_ribbit1
D:8:      minmay_lair_entry_grove, serial_shops, nicolae_shop_trees, trog_book
Temple:   hc_temple_tempest_star
Ossuary:  ossuary_tomb_2

Skill      XL: |  1  2  3  4  5  6  7  8  9 10 |
---------------+-------------------------------+-----
Long Blades    | 4 |  4.4
Short Blades   | 2 3 4 |  4.5
Armour         | 3 5 6 8 9 |  9.8
Fighting       | 4 5 6 |  6.6
Maces & Flails | 2 3 6 7 |  7.9
Stealth        | 1 |  1.0
Dodging        | |  2.4

Action                   |  1- 3 |  4- 6 |  7- 9 | 10-12 || total
-------------------------+-------+-------+-------+-------++-------
Melee: Falchion          |    93 |    32 |       |       ||   125
       Rapier            |       |    99 |       |       ||    99
       Mace              |       |    22 |   260 |    88 ||   370
       Kick              |       |     5 |    88 |    29 ||   122
Invok: Berserk           |     2 |     3 |    10 |     2 ||    17
       Trog's Hand       |       |     3 |     2 |     1 ||     6
       Burn Spellbooks   |       |       |       |     1 ||     1
  Use: Potion            |       |     4 |     1 |       ||     5
       Scroll            |       |       |     7 |     4 ||    11
 Stab: Distracted        |       |       |       |     1 ||     1
  Eat: Chunk             |     1 |     5 |     3 |     1 ||    10
       Bread ration      |     1 |       |     2 |     1 ||     4
       Fruit             |       |     1 |     4 |       ||     5
       Royal jelly       |       |     1 |     1 |       ||     2
       Meat ration       |       |       |     1 |       ||     1
Armor: Animal skin       |     4 |       |       |       ||     4
       Chain mail        |    40 |    90 |   164 |    51 ||   345
Dodge: Dodged            |    50 |    76 |   163 |    64 ||   353
       Rpst.: Falchion   |    17 |     4 |       |       ||    21
